[Event "Titled Tuesday Blitz January 10 Early 2023"]
[White "Zaichenko, Daria"]
[Black "Kiseleva, Arina"]
[WhiteFideId "4197453"]
[BlackFideId "4164989"]
[WhiteElo "2104"]
[BlackElo "1962"]
[Result "1-0"]
[Round "04"]
[TimeControl "180+2"]
[Date "2023.01.10"]
[WhiteClock "0:00:24"]
[BlackClock "0:00:01"]

1. e4 c6 2. d4 d5 3. Nc3 dxe4 4. Nxe4 Nf6 5. Nxf6+ exf6 6. c3 Bd6 7. Bd3 Na6 8. Be3 Nc7 9. Qc2 h5 10. O-O-O Nd5 11. Ne2 Kf8 12. Kb1 b5 13. Be4 Be6 14. Bc1 a5 15. f4 g6 16. f5 gxf5 17. Bxf5 a4 18. Rhf1 a3 19. b3 Ra7 20. Rf3 h4 21. Bxe6 fxe6 22. c4 bxc4 23. bxc4 Rb7+ 24. Ka1 Nb4 25. Qg6 Be7 26. Nf4 Qd6 27. c5 Qd7 28. Bxa3 Bxc5 29. Nxe6+ Qxe6 30. Rxf6+ Qxf6 31. Qxf6+ Kg8 32. Bxb4 Bxb4 33. Qg6+ 1-0


[Site "https://www.chess.com"]

[Event "Titled Tuesday Blitz January 10 Early 2023"]
[White "Martinez, Shawn"]
[Black "Necula, Iulian"]
[WhiteFideId "2039770"]
[BlackFideId "1232380"]
[WhiteElo "1881"]
[BlackElo "1851"]
[Result "1-0"]
[Round "04"]
[TimeControl "180+2"]
[Date "2023.01.10"]
[WhiteClock "0:01:43"]
[BlackClock "0:01:07"]

1. e4 c5 2. Nc3 d6 3. Bb5+ Bd7 4. a4 a6 5. Bc4 Nf6 6. f4 Nc6 7. d3 g6 8. Nf3 Bg7 9. O-O O-O 10. h3 e6 11. e5 dxe5 12. fxe5 Nd5 13. Qe1 Nb6 14. Bg5 Qc7 15. Bf6 Nxc4 16. dxc4 Nd4 17. Qh4 Nxf3+ 18. Rxf3 Bc6 19. Rf4 h6 20. Bxg7 Kxg7 21. Qf6+ Kh7 22. Raf1 Kg8 23. Rh4 Kh7 24. Rff4 Rae8 25. Rxh6+ 1-0


[Site "https://www.chess.com"]

[Event "Titled Tuesday Blitz January 10 Early 2023"]
[White "Selkirk, Rebecca"]
[Black "Real_taiatai"]
[WhiteFideId "14306514"]
[WhiteElo "1656"]
[BlackElo "2318"]
[Result "0-1"]
[Round "04"]
[TimeControl "180+2"]
[Date "2023.01.10"]
[WhiteClock "0:00:09"]
[BlackClock "0:00:41"]

1. e4 c5 2. Nf3 g6 3. d4 cxd4 4. Nxd4 Bg7 5. Nc3 Nc6 6. Be3 Nf6 7. Nxc6 bxc6 8. e5 Ng8 9. Bd4 Qc7 10. f4 f6 11. Qe2 fxe5 12. Bxe5 Bxe5 13. fxe5 Nh6 14. O-O-O O-O 15. Qd2 Ng4 16. Bc4+ e6 17. Ne4 Nxe5 18. Bb3 d5 19. Ng5 Ng4 20. Rde1 Rf2 21. Qb4 e5 22. h3 Qd8 23. Nxh7 Rf4 24. Qc5 Nf2 25. g3 Rf7 26. Rhf1 Ne4 27. Rxf7 Nxc5 28. Rf8+ Qxf8 29. Nxf8 Nxb3+ 30. axb3 Kxf8 31. Rxe5 Bxh3 32. Rg5 Bf5 33. g4 Be4 34. Re5 Re8 35. Rxe8+ Kxe8 36. Kd2 Ke7 37. Ke3 Kf6 38. c4 Ke5 39. c5 d4+ 40. Kd2 Kf4 0-1


[Site "https://www.chess.com"]

[Event "Titled Tuesday Blitz January 10 Early 2023"]
[White "Cruz Gomez, Miguel Angel"]
[Black "Schut, Han"]
[WhiteFideId "5137160"]
[BlackFideId "1005561"]
[WhiteElo "1950"]
[BlackElo "2101"]
[Result "0-1"]
[Round "04"]
[TimeControl "180+2"]
[Date "2023.01.10"]
[WhiteClock "0:02:30"]
[BlackClock "0:02:30"]

1. e4 c5 2. Nc3 Nc6 3. Bb5 Nd4 4. Nf3 Nxb5 5. Nxb5 a6 6. Nc3 d6 7. d4 cxd4 8. Qxd4 Bg4 9. Bg5 Bxf3 10. gxf3 h6 11. Bh4 e5 12. Bxd8 exd4 0-1


[Site "https://www.chess.com"]

[Event "Titled Tuesday Blitz January 10 Early 2023"]
[White "Gholami Orimi, Mahdi"]
[Black "Dubov, Daniil"]
[WhiteFideId "12558486"]
[BlackFideId "24126055"]
[WhiteElo "2420"]
[BlackElo "2708"]
[Result "0-1"]
[Round "05"]
[TimeControl "180+2"]
[Date "2023.01.10"]
[WhiteClock "0:00:02"]
[BlackClock "0:01:23"]

1. d4 Nf6 2. c4 e6 3. Nc3 d5 4. cxd5 exd5 5. Bg5 Be7 6. e3 O-O 7. Bd3 Re8 8. Qc2 h6 9. Bh4 c6 10. Nge2 a5 11. O-O Na6 12. a3 Nc7 13. f3 Ne6 14. Rad1 b5 15. Kh1 Bd7 16. Bf2 Rc8 17. e4 b4 18. axb4 axb4 19. Na4 c5 20. Nxc5 dxe4 21. fxe4 Nxc5 22. dxc5 Ng4 23. Bc4 Rf8 24. Qd2 Be6 25. Qxd8 Rfxd8 26. Rxd8+ Rxd8 27. Bxe6 Nxf2+ 28. Rxf2 Rd1+ 29. Ng1 Bxc5 30. Bxf7+ Kh8 31. Bb3 Rc1 32. Rf8+ Bxf8 0-1


[Site "https://www.chess.com"]

[Event "Titled Tuesday Blitz January 10 Early 2023"]
[White "Lenderman, Aleksandr"]
[Black "Duda, Jan-Krzysztof"]
[WhiteFideId "2021285"]
[BlackFideId "1170546"]
[WhiteElo "2572"]
[BlackElo "2724"]
[Result "0-1"]
[Round "05"]
[TimeControl "180+2"]
[Date "2023.01.10"]
[WhiteClock "0:00:40"]
[BlackClock "0:00:12"]

1. Nf3 g6 2. e4 c5 3. d4 cxd4 4. Nxd4 Nc6 5. c4 Nf6 6. Nc3 Nxd4 7. Qxd4 d6 8. f3 Bg7 9. Be3 O-O 10. Qd2 Qa5 11. Rc1 Be6 12. b3 Rfc8 13. Be2 a6 14. Na4 Qxd2+ 15. Kxd2 Nd7 16. g4 Rcb8 17. Nc3 b5 18. Nd5 Bxd5 19. cxd5 Nc5 20. Bxc5 dxc5 21. Rxc5 Be5 22. h4 h6 23. Kd3 g5 24. hxg5 hxg5 25. Rc6 Kg7 26. Kc2 Rc8 27. Kb1 Rxc6 28. dxc6 Bf4 29. a4 bxa4 30. bxa4 Rb8+ 31. Ka2 Rb6 32. a5 Rxc6 33. Kb3 e6 34. Rd1 Bc7 35. Ra1 Kf6 36. Ra4 Ke5 37. Rc4 Rxc4 38. Bxc4 Kf4 39. Bxa6 Kxf3 40. Ka4 Kxg4 41. Bb5 Kf4 42. Be8 g4 43. a6 Bb8 44. e5 g3 45. Bc6 Kxe5 46. Kb5 Ba7 47. Bg2 Kf4 48. Kc6 e5 49. Kb7 Bf2 0-1


[Site "https://www.chess.com"]

[Event "Titled Tuesday Blitz January 10 Early 2023"]
[White "Moroni, Luca Jr"]
[Black "Nepomniachtchi, Ian"]
[WhiteFideId "865834"]
[BlackFideId "4168119"]
[WhiteElo "2535"]
[BlackElo "2794"]
[Result "0-1"]
[Round "05"]
[TimeControl "180+2"]
[Date "2023.01.10"]
[WhiteClock "0:00:10"]
[BlackClock "0:00:25"]

1. d4 Nf6 2. Bf4 c5 3. e3 d5 4. dxc5 e6 5. b4 a5 6. c3 Nc6 7. Bb5 Bd7 8. Qb3 Be7 9. Nd2 O-O 10. a4 e5 11. Bxc6 Bxc6 12. Bxe5 d4 13. Ngf3 dxe3 14. fxe3 Ng4 15. Bd4 Bh4+ 16. Ke2 Re8 17. h3 Nxe3 18. Bxe3 Bg5 19. Nf1 Bxf3+ 20. gxf3 Bxe3 21. Nxe3 Qg5 22. Rag1 Qxe3+ 23. Kd1 Rad8+ 24. Kc2 Rd2+ 25. Kb1 axb4 26. Qxb4 Qd3+ 27. Ka1 Qd5 28. c4 Qd4+ 29. Kb1 Ree2 0-1


[Site "https://www.chess.com"]

[Event "Titled Tuesday Blitz January 10 Early 2023"]
[White "Durarbayli, Vasif"]
[Black "Andreikin, Dmitry"]
[WhiteFideId "13402935"]
[BlackFideId "4158814"]
[WhiteElo "2627"]
[BlackElo "2729"]
[Result "1/2-1/2"]
[Round "05"]
[TimeControl "180+2"]
[Date "2023.01.10"]
[WhiteClock "0:00:04"]
[BlackClock "0:00:06"]

1. e4 e6 2. d4 d5 3. e5 c5 4. c3 Bd7 5. Nf3 Qb6 6. Bd3 Bb5 7. dxc5 Bxc5 8. b4 Bxd3 9. Qxd3 Be7 10. Be3 Qa6 11. Qxa6 Nxa6 12. Ke2 Nh6 13. Bxh6 gxh6 14. Nbd2 Kd7 15. a3 Rhc8 16. Kd3 Nb8 17. c4 dxc4+ 18. Nxc4 Ke8 19. Rhc1 Nd7 20. Nd4 a6 21. f4 Rd8 22. Ke4 Rdb8 23. f5 exf5+ 24. Nxf5 Kf8 25. Ncd6 Bxd6 26. Nxd6 Ke7 27. Rc7 Ke6 28. Nf5 Rg8 29. Kf4 Rxg2 30. Nd4+ Ke7 31. Rd1 Ke8 32. e6 fxe6 33. Nxe6 Nf8 34. Ng7+ Rxg7 35. Re1+ Ne6+ 36. Rxe6+ Kf8 37. Rxg7 Kxg7 38. Re7+ Kg6 39. Rxb7 Rf8+ 40. Kg3 Rf6 41. a4 Rc6 42. a5 Rc4 43. Kf3 h5 44. Ke3 Rh4 45. Kd3 Kg5 46. Rb6 Rh3+ 47. Kc4 Rxh2 48. Kc5 h4 49. Rxa6 h3 50. Ra7 h5 51. Rg7+ Kf4 52. Rg1 Rg2 53. Rh1 h2 54. a6 Kg3 55. b5 Rg1 56. Rxh2 Kxh2 57. a7 Ra1 58. b6 Kg2 59. b7 Rxa7 60. b8=Q Ra5+ 61. Kd4 Ra4+ 62. Ke3 Rg4 63. Qb2+ Kh3 64. Kf3 Rg3+ 65. Kf4 Rg4+ 66. Kf5 h4 67. Qc1 Rg2 68. Qh1+ Kg3 69. Qe1+ Rf2+ 70. Ke4 Kg2 71. Qd1 h3 72. Qg4+ Kh2 73. Ke3 Rg2 74. Qd1 Rg3+ 75. Kf4 Rg1 76. Qe2+ Rg2 77. Qe1 Rg1 78. Qe2+ Rg2 79. Qe1 Rg1 80. Qe5 Kg2 81. Qe2+ Kh1 82. Kf3 Rg8 83. Qe1+ Kh2 84. Qe2+ Rg2 85. Qd1 Rg1 86. Qd2+ Rg2 87. Qf4+ Kh1 88. Qc1+ Kh2 89. Qe1 Rg1 90. Qe5+ Kh1 91. Qe4 Kh2 92. Qe5+ Kh1 93. Qd5 Kh2 94. Qd6+ Kh1 95. Qd2 Rg2 96. Qd7 Kh2 97. Qc8 Rg3+ 98. Kf2 Rg2+ 99. Kf3 Rg3+ 100. Kf4 Rg2 101. Qc1 Rg1 102. Qd2+ Rg2 103. Qe1 1/2-1/2


[Site "https://www.chess.com"]

[Event "Titled Tuesday Blitz January 10 Early 2023"]
[White "Bacrot, Etienne"]
[Black "Bortnyk, Olexandr"]
[WhiteFideId "605506"]
[BlackFideId "14120828"]
[WhiteElo "2667"]
[BlackElo "2605"]
[Result "1/2-1/2"]
[Round "05"]
[TimeControl "180+2"]
[Date "2023.01.10"]
[WhiteClock "0:00:11"]
[BlackClock "0:00:10"]

1. e4 d6 2. d4 Nf6 3. Nc3 Nbd7 4. g4 h6 5. h3 c5 6. d5 g6 7. f4 Bg7 8. Nf3 a6 9. e5 dxe5 10. fxe5 Nh7 11. Bf4 O-O 12. Bg2 b5 13. O-O Bb7 14. Qd2 g5 15. Bg3 e6 16. Rad1 Nb6 17. dxe6 fxe6 18. Qe2 Qe7 19. Ne4 Nd5 20. Nd6 Bc6 21. Nd2 c4 22. Kh2 Rxf1 23. Rxf1 Rf8 24. c3 Rxf1 25. Nxf1 Nf8 26. Ne3 Nf4 27. Bxf4 gxf4 28. Bxc6 Bxe5 29. Nexc4 Bxd6 30. Nxd6 Qxd6 31. Bf3 Ng6 32. Qf2 Ne5 33. Be4 Nc4 34. Qd4 Qxd4 35. cxd4 Nxb2 36. Kg2 Nd1 37. Kf3 Nc3 38. Bb7 a5 39. a3 b4 40. axb4 axb4 41. Kxf4 b3 42. Bc8 Kf7 43. Ke5 b2 44. Bxe6+ Ke7 45. Bf5 b1=Q 46. Bxb1 Nxb1 47. Kf5 Kf7 48. g5 hxg5 49. Kxg5 Nc3 50. h4 Ne4+ 51. Kf5 Nd6+ 52. Ke5 Nb5 53. d5 Kg6 54. Ke6 Kh5 55. Kd7 Kxh4 56. Kc6 Nd4+ 57. Kc5 Nf5 58. d6 Nxd6 1/2-1/2


[Site "https://www.chess.com"]

[Event "Titled Tuesday Blitz January 10 Early 2023"]
[White "Gareyev, Timur"]
[Black "Anton Guijarro, David"]
[WhiteFideId "14200937"]
[BlackFideId "2285525"]
[WhiteElo "2617"]
[BlackElo "2690"]
[Result "0-1"]
[Round "05"]
[TimeControl "180+2"]
[Date "2023.01.10"]
[WhiteClock "0:00:02"]
[BlackClock "0:00:19"]

1. d4 Nf6 2. c4 e6 3. Nc3 Bb4 4. Qc2 O-O 5. a3 Bxc3+ 6. Qxc3 d6 7. Nf3 b6 8. g3 Bb7 9. Bg2 Nbd7 10. b4 c5 11. dxc5 bxc5 12. O-O a5 13. b5 d5 14. Bg5 d4 15. Qc2 h6 16. Bxf6 Qxf6 17. Ne5 Qxe5 18. Bxb7 Ra7 19. Bc6 Nb6 20. Rad1 a4 21. Rfe1 Qf6 22. e3 e5 23. exd4 exd4 24. Qe2 Rd8 25. Qe5 Qxe5 26. Rxe5 Nxc4 27. Rxc5 Nxa3 28. b6 Ra6 29. b7 Rb6 30. Be4 Nb5 31. Rc8 Rf8 32. Rdc1 Nc3 33. Bf3 a3 34. Kg2 a2 35. Ra1 Rb1 36. Bc6 g6 37. Bf3 Kg7 38. Rc7 Rxa1 39. Rc8 Rb1 0-1


[Site "https://www.chess.com"]

[Event "Titled Tuesday Blitz January 10 Early 2023"]
[White "Vidit, Santosh Gujrathi"]
[Black "Harshavardhan G B"]
[WhiteFideId "5029465"]
[BlackFideId "25059009"]
[WhiteElo "2731"]
[BlackElo "2408"]
[Result "1/2-1/2"]
[Round "05"]
[TimeControl "180+2"]
[Date "2023.01.10"]
[WhiteClock "0:00:08"]
[BlackClock "0:00:15"]

1. e4 e5 2. Nf3 Nc6 3. Bb5 a6 4. Ba4 Nf6 5. d3 d6 6. c3 g6 7. O-O Bg7 8. Re1 O-O 9. Nbd2 Bd7 10. Nf1 Nh5 11. Bg5 Qe8 12. Bb3 h6 13. Bh4 Kh7 14. h3 Nd8 15. d4 Ne6 16. Ne3 Nef4 17. Rc1 Be6 18. Kh2 b5 19. Bxe6 Qxe6 20. b3 c5 21. dxc5 dxc5 22. c4 Bf6 23. Bxf6 Nxf6 24. Nd5 Rad8 25. Qd2 g5 26. Ng1 b4 27. g3 Ng6 28. a3 bxa3 29. Qa5 Nd7 30. Qxa3 f5 31. exf5 Rxf5 32. f3 e4 33. Rxe4 Nde5 34. Rce1 Qf7 35. Qxc5 Nd3 36. Qb6 Nxe1 37. Qxd8 Nxf3+ 38. Nxf3 Rxf3 39. Re2 Rf2+ 40. Rxf2 Qxf2+ 41. Kh1 Qf1+ 42. Kh2 Qf2+ 43. Kh1 Qf3+ 44. Kh2 Qf2+ 1/2-1/2


[Site "https://www.chess.com"]

[Event "Titled Tuesday Blitz January 10 Early 2023"]
[White "Svidler, Peter"]
[Black "Fernandez Guillen, Ernesto J."]
[WhiteFideId "4102142"]
[BlackFideId "3512428"]
[WhiteElo "2683"]
[BlackElo "2477"]
[Result "0-1"]
[Round "05"]
[TimeControl "180+2"]
[Date "2023.01.10"]
[WhiteClock "0:00:01"]
[BlackClock "0:00:05"]

1. e4 e5 2. Nf3 Nc6 3. Bb5 f5 4. d3 fxe4 5. dxe4 Nf6 6. O-O d6 7. Nc3 Be7 8. a4 O-O 9. Bc4+ Kh8 10. Ng5 Qe8 11. Ne6 Bxe6 12. Bxe6 Nd4 13. Bc4 Qg6 14. Be3 c5 15. Nd5 Nxd5 16. Bxd5 Bg5 17. Bxg5 Qxg5 18. Ra3 Rf4 19. Rg3 Qe7 20. c3 Nc6 21. Rd3 Rf6 22. g3 Raf8 23. Kg2 Nb8 24. h4 b6 25. Qg4 Rg6 26. Qh5 Nd7 27. Bc4 Rf4 28. Kh2 Nf6 29. Qd1 Rxe4 30. Rxd6 Rxc4 31. Rd8+ Ne8 32. Qd5 Rxh4+ 33. Kg2 Rf4 34. Rd7 Qf8 35. Rxa7 Rff6 36. Qxe5 Re6 37. Qb8 h6 38. Rd1 Kh7 39. Rd2 Qf5 40. Qb7 Nf6 41. Qf3 Qg5 42. Rd8 h5 43. Qa8 Rh6 44. Rh8+ Kg6 45. Qf8 Qd5+ 46. Kh2 Kf5 0-1


[Site "https://www.chess.com"]

[Event "Titled Tuesday Blitz January 10 Early 2023"]
[White "Chigaev, Maksim"]
[Black "Goltsev, Dmitry"]
[WhiteFideId "4108116"]
[BlackFideId "24176710"]
[WhiteElo "2628"]
[BlackElo "2269"]
[Result "1-0"]
[Round "05"]
[TimeControl "180+2"]
[Date "2023.01.10"]
[WhiteClock "0:00:12"]
[BlackClock "0:00:03"]

1. e4 e6 2. d4 d5 3. Nd2 c5 4. Ngf3 Nf6 5. exd5 exd5 6. Bb5+ Nc6 7. O-O Be7 8. dxc5 Bxc5 9. Nb3 Bb6 10. Re1+ Ne4 11. Be3 O-O 12. Nbd4 Bd7 13. Bd3 Re8 14. c3 Bg4 15. Be2 Qd7 16. Nc2 Rad8 17. Bxb6 axb6 18. Nfd4 Bxe2 19. Rxe2 Ne5 20. Ne3 g6 21. Qb3 Nd3 22. Qc2 Nexf2 23. Rf1 Qe7 24. Ng4 Qg5 25. Nxf2 Nf4 26. Rxe8+ Rxe8 27. g3 Re3 28. Nh1 Nh3+ 29. Kg2 Qg4 30. Rf3 Rxf3 31. Nxf3 Nf4+ 32. Kf2 Nh3+ 33. Ke3 Qe6+ 34. Kd2 Qg4 35. Qd3 Qh5 36. Qe3 f6 37. Nf2 Nxf2 38. Qxf2 Qf5 39. Qe3 Kg7 40. Qe7+ Kh6 41. Qe3+ Kg7 42. Nd4 Qb1 43. Qe7+ Kh6 44. Qxf6 Qxb2+ 45. Nc2 Qxa2 46. Qf4+ Kg7 47. Qc7+ Kh6 48. Qxb6 Qc4 49. Qe3+ Kg7 50. Qe5+ Kh6 51. Qf4+ Qxf4+ 52. gxf4 Kh5 53. Ne3 Kh4 54. Nxd5 Kh3 55. Ke3 Kxh2 56. Kf3 h6 57. Ne7 g5 58. fxg5 hxg5 59. Nd5 Kg1 60. Ne3 Kh2 61. Kg4 Kg1 62. Kxg5 Kf2 63. Kf4 Ke2 64. Ke4 Kd2 65. Kd4 b5 66. Nd5 Kc2 67. Kc5 Kd3 68. Kxb5 Ke4 69. c4 1-0


[Site "https://www.chess.com"]

[Event "Titled Tuesday Blitz January 10 Early 2023"]
[White "Rakhmatullaev, Almas"]
[Black "Puranik, Abhimanyu"]
[WhiteFideId "14205793"]
[BlackFideId "5061245"]
[WhiteElo "2275"]
[BlackElo "2613"]
[Result "0-1"]
[Round "05"]
[TimeControl "180+2"]
[Date "2023.01.10"]
[WhiteClock "0:00:19"]
[BlackClock "0:01:45"]

1. e4 e5 2. Nf3 Nc6 3. d4 exd4 4. Nxd4 Bc5 5. Nf5 d5 6. Nxg7+ Kf8 7. Nh5 Nf6 8. Nc3 Ng4 9. Be2 Qh4 10. Qxd5 Qxf2+ 11. Kd1 Be6 12. Qxe6 fxe6 13. Rf1 Rd8+ 14. Nd5 exd5 15. Rxf2+ Nxf2+ 16. Ke1 Nxe4 17. Bh6+ Ke7 18. Bd3 Rhg8 19. Nf4 Rd6 20. Nxd5+ Rxd5 21. Bxe4 Re5 0-1


[Site "https://www.chess.com"]

[Event "Titled Tuesday Blitz January 10 Early 2023"]
[White "Ter-Sahakyan, Samvel"]
[Black "Nakamura, Hikaru"]
[WhiteFideId "13302531"]
[BlackFideId "2016192"]
[WhiteElo "2617"]
[BlackElo "2775"]
[Result "0-1"]
[Round "05"]
[TimeControl "180+2"]
[Date "2023.01.10"]
[WhiteClock "0:00:05"]
[BlackClock "0:00:19"]

1. d4 g6 2. e4 Bg7 3. Nf3 a6 4. Bc4 d6 5. h3 Nf6 6. Qe2 e6 7. Bb3 Nc6 8. c3 e5 9. dxe5 Nxe5 10. Nxe5 dxe5 11. Bg5 h6 12. Bh4 O-O 13. Nd2 Qe7 14. O-O Be6 15. Nf3 Bxb3 16. axb3 Qe6 17. Bxf6 Bxf6 18. b4 Rfd8 19. Ra5 c6 20. Raa1 Rd6 21. Rfd1 Rad8 22. Rxd6 Qxd6 23. Qc4 h5 24. g3 Qe7 25. Kg2 Rd6 26. Qc5 Qe6 27. Qb6 Rd7 28. Qe3 Qc4 29. Nd2 Qe6 30. Nf3 h4 31. g4 Bd8 32. g5 Qe7 33. Kh2 Qd6 34. Re1 Qd3 35. Qxd3 Rxd3 36. Kg2 Rd6 37. Re2 Rd1 38. Nxe5 Bxg5 39. Nf3 Be7 40. e5 Kg7 41. Rd2 Rxd2 42. Nxd2 f5 43. exf6+ Kxf6 44. Kf3 Kf5 45. Nc4 c5 46. Ne3+ Ke5 47. Nc4+ Ke6 48. bxc5 Bxc5 49. Nd2 Kd5 50. b3 a5 51. Ne4 b5 52. Nf6+ Ke6 53. Ne4 Be7 54. c4 bxc4 55. bxc4 a4 56. Nc3 a3 57. Ke4 g5 58. f4 Bf6 59. Na2 gxf4 60. Kxf4 Kd6 61. Ke4 Kc5 62. Kd3 Bb2 63. Nc3 Kb4 64. Na2+ Kb3 65. c5 Kxa2 66. Kc2 Be5 67. c6 Bc7 0-1


[Site "https://www.chess.com"]

[Event "Titled Tuesday Blitz January 10 Early 2023"]
[White "Sadhwani, Raunak"]
[Black "Indjic, Aleksandar"]
[WhiteFideId "35093487"]
[BlackFideId "911925"]
[WhiteElo "2627"]
[BlackElo "2618"]
[Result "1-0"]
[Round "05"]
[TimeControl "180+2"]
[Date "2023.01.10"]
[WhiteClock "0:00:11"]
[BlackClock "0:00:03"]

1. c4 g6 2. Nc3 Bg7 3. d4 c5 4. d5 Bxc3+ 5. bxc3 f5 6. h4 Nf6 7. h5 gxh5 8. e4 Qa5 9. exf5 d6 10. Qb3 Bxf5 11. Nf3 Nbd7 12. Ng5 O-O-O 13. Nf7 Rhg8 14. Nxd8 Kxd8 15. Bd2 Nb6 16. a4 Bd7 17. f3 Kc7 18. Kf2 Bxa4 19. Qa3 Qa6 20. Rh4 Rg7 21. Be2 Nfxd5 22. cxd5 Rxg2+ 23. Kxg2 Qxe2+ 24. Kg3 Qxd2 25. Rxa4 Qg5+ 26. Kh3 Qf5+ 27. Kg2 Nxd5 28. Re4 Qg5+ 29. Kf2 Nf4 30. Qa5+ Kc8 31. Qa4 Qg2+ 32. Ke3 Nd5+ 33. Kd3 Qxf3+ 34. Kc2 b5 35. Qa6+ Kd8 36. Qa5+ Kc8 37. Rae1 b4 38. Qa6+ Kb8 39. Qd3 b3+ 40. Kd2 Qf7 41. Qb5+ Kc8 42. Qxb3 Qf2+ 43. Kc1 Nb6 44. Rxe7 c4 45. Qb5 Qf4+ 46. Kb1 Qf5+ 47. Qxf5+ 1-0


[Site "https://www.chess.com"]

[Event "Titled Tuesday Blitz January 10 Early 2023"]
[White "Dominguez Perez, Leinier"]
[Black "Kosakowski, Jakub"]
[WhiteFideId "3503240"]
[BlackFideId "1185080"]
[WhiteElo "2739"]
[BlackElo "2485"]
[Result "1/2-1/2"]
[Round "05"]
[TimeControl "180+2"]
[Date "2023.01.10"]
[WhiteClock "0:00:08"]
[BlackClock "0:00:26"]

1. e4 c6 2. d4 d5 3. e5 Bf5 4. Nf3 e6 5. Be2 Ne7 6. O-O c5 7. c4 Nbc6 8. dxc5 dxc4 9. Bxc4 Ng6 10. Be3 Be7 11. Nc3 O-O 12. Be2 Qb8 13. Qa4 Ngxe5 14. Rfd1 a6 15. h3 Qc7 16. b4 Rfd8 17. a3 Nxf3+ 18. Bxf3 Bf6 19. Rac1 Nd4 20. Bxd4 Bxd4 21. Ne2 Be5 22. Rxd8+ Rxd8 23. Rd1 h6 24. g4 Bd3 25. Nc1 Bb5 26. Rxd8+ Qxd8 27. Qc2 Qd4 28. Qe4 Qxe4 29. Bxe4 Bb2 30. Nb3 Bxa3 31. Nd4 Bxb4 32. Nxb5 axb5 33. c6 bxc6 34. Bxc6 Bd6 35. Bxb5 Kf8 36. Kg2 Ke7 37. Ba4 Kf6 38. Bb5 Kg5 39. Be8 f5 40. gxf5 exf5 41. Bd7 Kf4 42. Bc8 Bc5 43. Bd7 g5 44. Bc8 h5 45. f3 Bb6 46. Bd7 Ke5 47. Be8 h4 48. Bd7 1/2-1/2


[Site "https://www.chess.com"]

[Event "Titled Tuesday Blitz January 10 Early 2023"]
[White "Xu, Yi"]
[Black "Samadov, Read"]
[WhiteFideId "8605564"]
[BlackFideId "13417444"]
[WhiteElo "2527"]
[BlackElo "2469"]
[Result "1-0"]
[Round "05"]
[TimeControl "180+2"]
[Date "2023.01.10"]
[WhiteClock "0:00:47"]
[BlackClock "0:00:30"]

1. e4 c6 2. d4 d5 3. e5 Bf5 4. h4 h5 5. Bd3 Bxd3 6. Qxd3 Qa5+ 7. Nd2 e6 8. Ne2 Qa6 9. c4 Nd7 10. O-O Be7 11. b3 Bxh4 12. a4 Be7 13. Nf3 Nh6 14. Ng3 h4 15. Nh5 Nf5 16. Nf4 g5 17. Ne2 g4 18. Nh2 Rg8 19. Bf4 Rd8 20. Qc2 dxc4 21. bxc4 Nb6 22. Rfc1 Nxd4 23. Nxd4 Rxd4 24. Qh7 Rg6 25. Be3 Rxc4 26. Qh8+ Kd7 27. Bxb6 Rxc1+ 28. Rxc1 Qd3 29. Bxa7 g3 30. fxg3 Qxg3 31. Rd1+ 1-0


[Site "https://www.chess.com"]

[Event "Titled Tuesday Blitz January 10 Early 2023"]
[White "Kamsky, Gata"]
[Black "Karthik Rajaa"]
[WhiteFideId "2000024"]
[BlackFideId "25035215"]
[WhiteElo "2665"]
[BlackElo "2276"]
[Result "1-0"]
[Round "05"]
[TimeControl "180+2"]
[Date "2023.01.10"]
[WhiteClock "0:01:00"]
[BlackClock "0:00:04"]

1. e4 c6 2. d4 d5 3. exd5 cxd5 4. Bd3 Nc6 5. c3 Qc7 6. Ne2 Bg4 7. O-O e6 8. Qe1 Nf6 9. f3 Bh5 10. Qh4 Bg6 11. Bxg6 fxg6 12. Nd2 Bd6 13. f4 O-O 14. Nf3 Ne4 15. Ng5 Nxg5 16. Qxg5 Rf5 17. Qg4 g5 18. Ng3 Rxf4 19. Bxf4 gxf4 20. Qxe6+ Kh8 21. Nf5 Bf8 22. Qxd5 g6 23. Nh4 Bg7 24. Rae1 Rf8 25. Nf3 h6 26. Re6 g5 27. h3 Ne7 28. Qd6 Qxd6 29. Rxd6 Nf5 30. Re6 Ne3 31. Re1 Rf5 32. R1xe3 fxe3 33. Rxe3 Rb5 34. Re2 Kg8 35. Kf2 Ra5 36. b3 b5 37. Ke3 Ra6 38. Kd3 Rd6 39. Re7 a6 40. c4 bxc4+ 41. bxc4 Rb6 42. c5 Rb2 43. Re2 Rb4 44. Rc2 Rb7 45. c6 Rc7 46. d5 Bf8 47. Nd4 Bd6 48. Ne6 Rc8 49. Rb2 Kf7 50. Rb7+ Kf6 51. Ke4 h5 52. Rd7 Bg3 53. Rd8 Rxd8 54. Nxd8 g4 55. hxg4 hxg4 56. Nb7 Ke7 57. Kf5 Bc7 58. Kxg4 Bb6 59. Kf5 Ke8 60. d6 a5 61. Ke6 a4 62. c7 1-0


[Site "https://www.chess.com"]

[Event "Titled Tuesday Blitz January 10 Early 2023"]
[White "Kosteniuk, Alexandra"]
[Black "Sanal, Vahap"]
[WhiteFideId "4128125"]
[BlackFideId "6300545"]
[WhiteElo "2535"]
[BlackElo "2600"]
[Result "0-1"]
[Round "05"]
[TimeControl "180+2"]
[Date "2023.01.10"]
[WhiteClock "0:00:03"]
[BlackClock "0:00:12"]

1. e4 e5 2. Nf3 Nc6 3. Bc4 Bc5 4. d3 Nf6 5. Nc3 a6 6. a4 d6 7. Be3 Nd4 8. Bxd4 exd4 9. Ne2 Bg4 10. Nf4 Nd7 11. h3 Bxf3 12. Qxf3 Ne5 13. Qg3 Bb4+ 14. Kf1 Nxc4 15. dxc4 O-O 16. h4 Bc5 17. h5 Qd7 18. h6 g6 19. Nd5 f5 20. e5 Kh8 21. b4 Ba7 22. exd6 cxd6 23. Qd3 Rae8 24. g3 Re6 25. Rh4 Kg8 26. Kg2 Rfe8 27. Rxd4 Bxd4 28. Qxd4 Qf7 29. Rd1 g5 30. Rh1 f4 31. gxf4 gxf4 32. Kf3 Rg6 33. Rh4 Qe6 34. Nxf4 Qf5 35. Qd5+ Qxd5+ 36. Nxd5 Rf8+ 37. Ke2 Re6+ 38. Ne3 Rff6 39. Rg4+ Rg6 40. Rd4 Rxh6 41. b5 Rhf6 42. bxa6 bxa6 43. Rd5 Kf7 44. Ra5 Rf4 45. Rxa6 Rxc4 46. Kd3 Rc5 47. Ra7+ Kg6 48. c4 h5 49. Ra8 Kg7 50. Ra7+ Kg6 51. Ra8 h4 52. Rg8+ Kh7 53. Rg1 h3 54. Rh1 Rh5 55. a5 Reh6 56. Rh2 Rxa5 57. Ng4 Rh4 58. Nf6+ Kg6 59. Nd5 Ra3+ 60. Ke2 Kg5 61. Ne3 Kf4 62. Nd5+ Ke5 63. Ne3 Ke4 64. Kf1 Kf3 65. Kg1 Ra1+ 66. Nf1 Rg4+ 0-1


[Site "https://www.chess.com"]

[Event "Titled Tuesday Blitz January 10 Early 2023"]
[White "Movahed, Sina"]
[Black "Seemann, Jakub"]
[WhiteFideId "42520835"]
[BlackFideId "21874697"]
[WhiteElo "2340"]
[BlackElo "2446"]
[Result "1-0"]
[Round "05"]
[TimeControl "180+2"]
[Date "2023.01.10"]
[WhiteClock "0:01:42"]
[BlackClock "0:00:09"]

1. e4 c6 2. d4 d5 3. e5 Bf5 4. g4 Be4 5. f3 Bg6 6. e6 Qd6 7. exf7+ Bxf7 8. f4 c5 9. Nf3 Nc6 10. Bb5 O-O-O 11. Bxc6 bxc6 12. Ne5 Be8 13. dxc5 Qxc5 14. Qd3 Nf6 15. Nc3 h5 16. Be3 d4 17. O-O-O Qb6 18. Bxd4 c5 19. Qc4 e6 20. g5 Nd5 21. Ne4 Bb5 22. Bxc5 Qa5 23. Qb3 Bxc5 24. Nxc5 Nxf4 25. a4 Ne2+ 26. Kb1 Nd4 27. Rxd4 Rxd4 28. axb5 Rd5 29. Nc6 Qb6 30. Ne7+ Kb8 31. Na6+ 1-0


[Site "https://www.chess.com"]

[Event "Titled Tuesday Blitz January 10 Early 2023"]
[White "Kravtsiv, Martyn"]
[Black "Lymar, Vladislav"]
[WhiteFideId "14113147"]
[BlackFideId "14162180"]
[WhiteElo "2598"]
[BlackElo "2119"]
[Result "1-0"]
[Round "05"]
[TimeControl "180+2"]
[Date "2023.01.10"]
[WhiteClock "0:00:12"]
[BlackClock "0:00:03"]

1. e4 c5 2. Nf3 Nc6 3. d4 cxd4 4. Nxd4 Nf6 5. Nc3 e5 6. Ndb5 Bc5 7. Nd6+ Ke7 8. Nxc8+ Rxc8 9. Bd3 d6 10. O-O h6 11. Nd5+ Nxd5 12. exd5 Nb8 13. Qg4 Kf8 14. Kh1 Nd7 15. f4 Nf6 16. Qf3 Qe7 17. fxe5 dxe5 18. c4 e4 19. Qf5 Re8 20. Be2 e3 21. b4 Bd4 22. Rb1 Ne4 23. g3 Nc3 24. Rb2 h5 25. d6 Qe4+ 26. Qxe4 Nxe4 27. d7 Rd8 28. Rb3 Rxd7 29. Bxe3 h4 30. Kg2 Bf6 31. Bg4 Rd8 32. Re1 Nd6 33. Rd3 Nxc4 34. Bc5+ Kg8 35. Rxd8+ Bxd8 36. Bxa7 Bb6 37. Bxb6 Nxb6 38. Re8+ Kh7 39. Rxh8+ Kxh8 40. Bf3 hxg3 41. Kxg3 Nc4 42. Bxb7 Ne5 43. a4 Kg8 44. a5 Nd7 45. Bc6 Nb8 46. b5 Kf8 47. a6 1-0


[Site "https://www.chess.com"]